 Dungeon Crawl Stone Soup version 0.30-b1-2-g02819fbbbe (webtiles) character file.

Game seed: 995322705727861944

37 prikolics the Grasshopper (level 3, -4/32 HPs)
             Began as a Naga Warper on Aug 7, 2023.
             Slain by a gnoll
             ... wielding a +0 whip
              (6 damage)
             ... on level 2 of the Dungeon.
             The game lasted 00:05:19 (1017 turns).

prikolics the Grasshopper (Naga Warper)             Turns: 1017, Time: 00:05:19

Health: -4/32      AC:  2    Str: 10 (13) XL:     3   Next: 41%
Magic:  5/6        EV:  9    Int: 12 (15) God:
Gold:   105        SH:  0    Dex:  8 (10) Spells: 4/6 levels left

rFire   . . .        a - +0 spear
rCold   . . .        (no shield)
rNeg    . . .        b - +0 leather armour
rPois   +            (no helmet)
rElec   .            (no cloak)
rCorr   .            (no gloves)
SInv    +            (no barding)
Will    .....        (no amulet)
Stlth   +            (no ring)
HPRegen 0.25/turn    (no ring)
MPRegen 0.10/turn

%: no passive effects
@: short of breath, very slow
A: AC +1, large, see invisible, deformed body, poison resistance, slowness 2,
spit poison 1, naga tail 1
a: Spit Poison


You were on level 2 of the Dungeon.
You visited 1 branch of the dungeon, and saw 2 of its levels.

You collected 105 gold pieces.

Inventory:

Hand Weapons
 a - a +0 spear (weapon)
Armour
 b - a +0 leather armour (worn)
Jewellery
 j - a ring of fire
Scrolls
 c - a scroll of blinking
 e - a scroll of identify {unknown}
 f - 2 scrolls of enchant armour {unknown}
 h - a scroll of enchant weapon {unknown}
 k - a scroll of vulnerability {unknown}
 l - a scroll of noise {unknown}
 m - a scroll of poison {unknown}
Potions
 g - a potion of attraction {unknown}
 i - a potion of degeneration
 n - a potion of haste {unknown}
 o - a potion of invisibility {unknown}


   Skills:
 + Level 2.1 Fighting
 + Level 2.7 Polearms
 + Level 0.9 Throwing
 + Level 1.2 Armour
 + Level 1.7 Dodging
 * Level 1.3 Stealth
 + Level 2.0 Spellcasting
 + Level 3.1 Translocations


You had 4 spell levels left.
You knew the following spells:

 Your Spells              Type           Power      Damage    Failure   Level
a - Blink                 Tloc           16%        N/A       16%         2

Your spell library contained the following spells:

 Spells                   Type           Power      Damage    Failure   Level
 Lesser Beckoning         Tloc           16%        N/A       16%         2
 Teleport Other           Tloc           8%         N/A       30%         3
 Shock                    Conj/Air       4%         1d3       34%         1
 Vhi's Electric Charge    Tloc/Air       8%         N/A       50%         3
 Manifold Assault         Tloc           8%         N/A       69%         4
 Mephitic Cloud           Conj/Pois/Air  1%         N/A       71%         3
 Summon Guardian Golem    Hex/Summ       1%         N/A       71%         3
 Summon Forest            Summ/Tloc      2%         N/A       99%         5


Dungeon Overview and Level Annotations

Branches:
Dungeon (2/15)

Altars:

Shops:
D:1 =


Innate Abilities, Weirdness & Mutations

Your serpentine skin is tough. (AC +1)
You have supernaturally acute eyesight. (SInv)
Armour fits poorly on your strangely shaped body.
Your system is resistant to poisons. (rPois)
You cover ground very slowly.
You can spit poison.
You have a snake-like lower body.


Message History

Aim: a gnoll, wielding a +0 whip (58% to hit)
You throw a boomerang of dispersal.
The boomerang of dispersal hits the gnoll and shatters for extra damage.
The gnoll blinks!
The gnoll is lightly wounded.
You have got your breath back.
Aiming: Spit Poison (2% risk of failure)
Press: ? - help, Shift-Dir - straight line, f/p - gnoll
Aim: a gnoll, wielding a +0 whip (lightly wounded, 65% to hit)
The splash of poison hits the gnoll but does no damage.
The gnoll is poisoned.
The gnoll is lightly wounded.
Throw: 3 boomerangs (disperse)
Press: ? - help, Q - select action, (/) - cycle Shift-Dir - straight line, f/p - gnoll
Aim: a gnoll, wielding a +0 whip (lightly wounded, poisoned, 58% to hit)
You throw a boomerang of dispersal.
The boomerang of dispersal closely misses the gnoll.
You have got your breath back.
The gnoll barely misses you.
Throw: 2 boomerangs (disperse)
Press: ? - help, Q - select action, (/) - cycle Shift-Dir - straight line, f/p - gnoll
Aim: a gnoll, wielding a +0 whip (moderately wounded, poisoned, 58% to hit)
You throw a boomerang of dispersal.
The boomerang of dispersal barely misses the gnoll.
The gnoll hits you with a +0 whip.
* * * LOW HITPOINT WARNING * * *
Aiming: Spit Poison (2% risk of failure)
Press: ? - help, Shift-Dir - straight line, f/p - gnoll
Aim: a gnoll, wielding a +0 whip (moderately wounded, poisoned, 65% to hit)
The splash of poison hits the gnoll.
The gnoll is heavily wounded.
The gnoll looks more healthy.
The gnoll misses you.
Throw: boomerang (disperse)
Press: ? - help, Q - select action, (/) - cycle Shift-Dir - straight line, f/p - gnoll
Aim: a gnoll, wielding a +0 whip (heavily wounded, 58% to hit)
You throw a boomerang of dispersal.
The boomerang of dispersal hits the gnoll and shatters, but does no damage.
The gnoll is heavily wounded.
The gnoll hits you with a +0 whip.
You die...

#..##.....#)##g## ....#
#..######.#.##.g#......
#..# #.#.###........
#..# #.#.# ##.......
#..# #.#.# ....... #..#
#.#.# ##.###. #..#
#.#.# ... #..#
#.#.#########..# #..#
#.#)...g@.....>.
#..##### #....#########
.......# #....#
.......# +....+
.......# #....#
.......# #....#
.......# #....#
.......# #....#
...#####


You could see a gnoll.

Vanquished Creatures
  2 gnolls (D:2)
  2 bats (D:1)
  An endoplasm (D:2)
  A giant cockroach (D:1)
  A hobgoblin (D:1)
  A quokka (D:2)
  2 ball pythons
  5 frilled lizards (D:1)
  3 kobolds (D:2)
  2 rats
20 creatures vanquished.

Notes
Turn   | Place    | Note
-------+----------+-------------------------------------------
     0 | D:1      | prikolics the Naga Warper began the quest for the Orb.
     0 | D:1      | Reached XP level 1. HP: 19/19 MP: 3/3
    75 | D:1      | Found Rank's Jewellery Emporium.
   327 | D:1      | Reached XP level 2. HP: 25/26 MP: 5/5
   330 | D:1      | Learned a level 2 spell: Blink
   443 | D:1      | Got Duokkuth's Papyrus of the Assistive Zephyr
   651 | D:2      | Reached skill level 1 in Armour
   997 | D:2      | HP: 1/26 [gnoll/+0 spear (5)]
  1000 | D:2      | Reached skill level 1 in Stealth
  1000 | D:2      | Reached XP level 3. HP: 2/32 MP: 3/6
  1017 | D:2      | Slain by a gnoll

Illustrated notes

Levels and vault maps discovered:
D:1:      dpeg_arrival_leaves_temple_mockup, layout_rooms, serial_shops,
          nicolae_shop_trees, minmay_lizard_pond
D:2:      layout_basic

Skill      XL: |  1  2 |
---------------+-------+-----
Armour         | 1 |  1.2
Stealth        | 1 |  1.3
Fighting       | |  2.1
Polearms       | |  2.7
Throwing       | |  0.9
Dodging        | |  1.7
Spellcasting   | |  2.0
Translocations | |  3.1

Action                     || total
---------------------------++-------
  Melee: Spear             ||    62
         Punch             ||     1
  Throw: Boomerang         ||     7
   Cast: Blink             ||     1
Ability: Spit Poison       ||     5
    Use: Potion            ||     1
 Armour: Leather armour    ||    15
  Dodge: Dodged            ||    28
